 Dungeon Crawl Stone Soup version 0.30.1-3-gfc49f6343a (webtiles) character file.

Game seed: 11164113187085250245

202 Zeor the Twirler (level 6, -1/45 HPs)
             Began as a Djinni Gladiator on Aug 7, 2023.
             Slain by a phantom (4 damage)
             ... on level 4 of the Dungeon.
             The game lasted 00:06:00 (2066 turns).

Zeor the Twirler (Djinni Gladiator)                 Turns: 2066, Time: 00:06:01

Health: -1/45      AC:  4    Str: 13    XL:     6   Next: 8%
Gold:   152        EV: 13    Int: 11    God:
                   SH:  0    Dex: 15

rFire   + + +        a - +0 quarterstaff
rCold   . . .        (shield currently unavailable)
rNeg    . . .        b - +0 leather armour
rPois   ∞            c - +0 helmet
rElec   +            (no cloak)
rCorr   +            (no gloves)
SInv    .            (boots unavailable)
Will    .....        (no amulet)
Stlth   +            (no ring)
HPRegen 0.27/turn    (no ring)
MPRegen 0.00/turn

%: infuse magic (-2 HP)
@: resistant, flying
A: sickness immunity, fire resistance 2, cold vulnerability 1, float, innate
caster, HP casting, extra vitality 1
a: no special abilities


You were on level 4 of the Dungeon.
You visited 1 branch of the dungeon, and saw 4 of its levels.

You collected 152 gold pieces.

Inventory:

Hand Weapons
 a - a +0 quarterstaff (weapon)
Missiles
 d - 3 throwing nets
 e - 5 javelins (quivered)
 i - 19 poisoned darts
Armour
 b - a +0 leather armour (worn)
 c - a +0 helmet (worn)
Scrolls
 h - a scroll of fog
Potions
 f - a potion of berserk rage
 g - a potion of might


   Skills:
 + Level 2.4 Fighting
 * Level 4.4 Staves
 + Level 1.7 Throwing
 + Level 1.7 Armour
 + Level 3.7 Dodging
 + Level 0.5 Stealth
 * Level 1.1 Spellcasting


You knew the following spells:

 Your Spells              Type           Power      Damage    Failure   Level
a - Magic Dart            Conj           12%        1d3       26%         1
b - Lesser Beckoning      Tloc           6%         N/A       36%         2
Your spell library was empty.

Dungeon Overview and Level Annotations

Branches:
Dungeon (4/15)
 Temple: D:4-7

Altars:


Innate Abilities, Weirdness & Mutations

You are immune to sickness and miasma.
You are immune to poison.
Your flesh is very heat resistant. (rF++)
You are vulnerable to cold. (rC-)
You float through the air rather than walking.
You learn spells naturally, not from books.
Your magical power is your life essence.
You have superior vitality. (+4 MHP)


Message History

* * * LOW HITPOINT WARNING * * *
You start resting.
You feel a little less mighty now.
You start resting.
A phantom comes into view.
You hit the phantom.
The phantom is moderately damaged.
The phantom hits you.
The phantom blinks!
You blink.
You closely miss the phantom.
The phantom is moderately damaged.
The phantom closely misses you.
You closely miss the phantom.
The phantom is moderately damaged.
The phantom barely misses you.
You barely miss the phantom.
The phantom is moderately damaged.
The phantom hits you.
You closely miss the phantom.
The phantom is moderately damaged.
The phantom hits you.
The phantom blinks!
You blink.
You miss the phantom.
The phantom is moderately damaged.
The phantom hits you!
* * * LOW HITPOINT WARNING * * *
The phantom blinks!
You blink.
You sock the phantom!
The phantom is heavily damaged.
The phantom hits you.
* * * LOW HITPOINT WARNING * * *
It was a potion of resistance.
You feel protected. The phantom hits you.
* * * LOW HITPOINT WARNING * * *
You closely miss the phantom.
The phantom is heavily damaged.
The phantom closely misses you.
You closely miss the phantom.
The phantom is heavily damaged.
The phantom hits you.
You die...

▒▒ ∙∙ ▒▒▒▒▒▒▒∙▒▒▒▒▒▒▒
▒∙∙∙∙∙∙∙∙∙∙∙∙∙▒ ▒∙▒
▒∙∙WR▒ ∙▒ ▒∙▒
▒∙∙▒∙▒▒∙▒▒▒▒
▒▒∙▒▒▒▒▒▒∙∙∙▒∙∙∙∙∙
)▒▒▒▒▒∙∙∙∙∙∙∙∙∙∙∙∙∙∙∙▒▒
∙∙∙∙∙†∙∙▒▒▒▒▒∙∙∙∙∙$∙∙∙
∙∙∙∙∙)∙∙∙∙∙)∙∙∙∙∙∙∙∙▒
▒▒▒▒▒∙▒▒▒▒▒▒▒∙∙∙∙∙∙▒▒
▒∙▒ ▒▒∙∙∙▒∙▒ ▒∙∙∙∙∙▒
▒▒∙∙∙∙▒


You could see a phantom.

Vanquished Creatures
  An ogre (D:4)
  A hound (D:4)
  A gnoll (D:1)
  An adder (D:3)
  A dart slug (D:1)
  An orc (D:3)
  4 bats
  10 endoplasms
  6 giant cockroaches
  4 goblins
  4 hobgoblins
  4 jackals
  3 quokkas
  4 ball pythons
  5 frilled lizards
  6 kobolds
  8 rats
64 creatures vanquished.

Vanquished Creatures (collateral kills)
  A hobgoblin (D:3)
  A rat (D:3)
2 creatures vanquished.

Grand Total: 66 creatures vanquished

Notes
Turn   | Place    | Note
-------+----------+-------------------------------------------
     0 | D:1      | Zeor the Djinni Gladiator began the quest for the Orb.
     0 | D:1      | Reached XP level 1. HP: 18/18 MP: 0/0
   115 | D:1      | Reached XP level 2. HP: 22/23 MP: 0/0
   142 | D:1      | Reached skill level 3 in Staves
   225 | D:1      | Reached XP level 3. HP: 21/28 MP: 0/0
   225 | D:1      | Learned a level 1 spell: Magic Dart
   280 | D:1      | Found a faded altar of an unknown god.
   821 | D:2      | Reached XP level 4. HP: 26/33 MP: 0/0
  1418 | D:3      | Reached skill level 1 in Armour
  1936 | D:4      | Reached skill level 4 in Staves
  1936 | D:4      | Reached XP level 5. HP: 27/38 MP: 0/0
  1936 | D:4      | Learned a level 2 spell: Lesser Beckoning
  1981 | D:4      | Noticed an ogre
  1996 | D:4      | Killed an ogre
  1997 | D:4      | Reached skill level 1 in Spellcasting
  1997 | D:4      | Reached XP level 6. HP: 7/45 MP: 0/0
  2064 | D:4      | HP: 2/45 [phantom (1)]
  2066 | D:4      | Slain by a phantom

Illustrated notes

Levels and vault maps discovered:
D:1:      dpeg_arrival_rooms_with_view, layout_rooms,
          shapermc_ecumenical_altar_starsandcircs
D:2:      layout_loops_cross
D:3:      layout_rooms, minmay_pentomino_pile
D:4:      layout_loops_ring, nicolae_elyvilon_peaceful_grove,
          mainiacjoe_overflow_small_starburst, mainiacjoe_overflow_alcove_4,
          dk_noncrumbling_3, uniq_natasha, uniq_menkaure

Skill      XL: |  1  2  3  4  5 |
---------------+----------------+-----
Staves         | 3 4 |  4.4
Armour         | 1 |  1.7
Spellcasting   | 1 |  1.1
Fighting       | |  2.4
Throwing       | |  1.7
Dodging        | |  3.7
Stealth        | |  0.5

Action                     |  1- 3 |  4- 6 || total
---------------------------+-------+-------++-------
  Melee: Quarterstaff      |   103 |    91 ||   194
   Cast: Magic Dart        |     1 |    10 ||    11
    Use: Scroll            |     5 |     5 ||    10
         Potion            |       |     2 ||     2
 Armour: Leather armour    |    32 |    19 ||    51
  Dodge: Dodged            |    61 |    64 ||   125
